 Dungeon Crawl Stone Soup version 0.24-a0-106-gcea5463 (webtiles) character file.

Game seed: 7515458889035745893

2963 mhoghedin the Slicer (level 10, -12/68 HPs)
             Began as a Kobold Summoner on Feb 14, 2019.
             Mangled by Harold
             ... wielding a +0 glaive
              (29 damage)
             ... on level 7 of the Dungeon.
             The game lasted 00:12:19 (6276 turns).

mhoghedin the Slicer (Kobold Summoner)              Turns: 6276, Time: 00:12:21

Health: -12/68     AC:  7    Str:  5    XL:     10   Next: 8%
Magic:  13/13      EV: 14    Int: 20    God:
Gold:   397        SH: 10    Dex: 16    Spells: 10/13 levels left

rFire    + . .     SeeInvis .   A - +4 short sword (elec)
rCold    . . .     Gourm    .   i - +0 buckler
rNeg     . . .     Faith    .   o - +0 robe {Archmagi}
rPois    .         Spirit   .   (no helmet)
rElec    .         Reflect  +   x - +0 cloak (curse)
rCorr    .         Harm     .   q - +2 pair of gloves
MR       .....                  y - +0 pair of boots
Stlth    +++.......             p - +6 amulet of reflection (curse)
HPRegen  0.21/turn              j - ring of stealth {Stlth+}
MPRegen  0.13/turn              f - ring of protection from fire {rF+, !d}

@: marked
A: small, carnivore
a: no special abilities


You were on level 7 of the Dungeon.
You were not hungry.

You visited 1 branch of the dungeon, and saw 9 of its levels.

You collected 397 gold pieces.

Inventory:

Hand Weapons
 A - a +4 short sword of electrocution (weapon)
   (You took it off Duvessa on level 5 of the Dungeon)
Missiles
 g - 11 tomahawks (quivered)
 z - 2 throwing nets {=f, !d}
Armour
 i - a +0 buckler (worn)
   (You found it on level 1 of the Dungeon)
 o - a +0 robe of the Archmagi (worn)
   (You found it on level 5 of the Dungeon)
 q - a +2 pair of gloves (worn)
   (You found it on level 3 of the Dungeon)
 x - a cursed +0 cloak (worn)
   (You found it on level 3 of the Dungeon)
 y - a +0 pair of boots (worn)
   (You found it on level 3 of the Dungeon)
Jewellery
 f - a ring of protection from fire (right hand) {rF+, !d}
   (You found it on level 5 of the Dungeon)
 j - a ring of stealth (left hand) {Stlth+}
   (You found it on level 6 of the Dungeon)
 n - an uncursed ring of see invisible {unknown}
   (You found it on level 8 of the Dungeon)
 p - a cursed +6 amulet of reflection (around neck)
   (You found it on level 8 of the Dungeon)
 v - an uncursed ring of protection from cold {rC+, !d}
   (You found it on level 3 of the Dungeon)
Scrolls
 a - 2 scrolls of enchant weapon
 d - a scroll of fear
 m - a scroll of amnesia
 r - 6 scrolls of remove curse
 s - a scroll of enchant armour
 t - 5 scrolls of teleportation
 w - a scroll of blinking {unknown}
Potions
 b - a potion of haste
 e - 4 potions of heal wounds
 h - 3 potions of invisibility
 k - a potion of resistance
 l - 3 potions of might
 u - a potion of curing
Comestibles
 c - 15 rations


   Skills:
 + Level 10.3 Fighting
 + Level 11.7 Short Blades
 - Level 2.4 Dodging
 - Level 2.6 Stealth
 - Level 2.1 Spellcasting
 - Level 4.0 Summonings


You had 10 spell levels left.
You knew the following spells:

 Your Spells              Type           Power        Failure   Level  Hunger
a - Summon Small Mammal   Summ           ####         4%          1    #......
c - Call Imp              Summ           ####....     8%          2    ##.....

Your spell library contained the following spells:

 Spells                   Type           Power        Failure   Level  Hunger
 Call Canine Familiar     Summ           ####....     16%         3    ###....
 Beastly Appendage        Tmut           #.....       26%         1    #......
 Summon Guardian Golem    Hex/Summ       ###.....     34%         3    ###....
 Sticks to Snakes         Tmut           #.......     36%         2    ##.....
 Spider Form              Tmut/Pois      #.........   61%         3    ###....
 Summon Ice Beast         Ice/Summ       ###.....     75%         4    #####..
 Summon Lightning Spire   Summ/Air       ###.....     75%         4    #####..
 Ice Form                 Ice/Tmut       #.......     95%         4    #####..
 Blade Hands              Tmut           #.........   100%        5    ######.


Dungeon Overview and Level Annotations

Branches:
Dungeon (9/15)
 Temple: D:4-7         Lair: D:8-11         Orc: D:9-12

Altars:
Dithmenos
Elyvilon
Kikubaaqudgha
Makhleb
Okawaru
Ru
Wu Jian

Shops:
D:5 %   D:6 **

Annotations:
D:7 Harold, Joseph


Innate Abilities, Weirdness & Mutations

You are small and have problems with some larger weapons.
You are carnivorous and can eat meat at any time.


Message History

You block the big kobold's attack.
Harold shouts!
You hit the big kobold. You block the howler monkey's attack.
You hit the big kobold. The leopard gecko closely misses you.
The big kobold hits you but does no damage.
The howler monkey hoots and howls with incredible vigour!
You hear a shout!
You hear a loud, deep croak!
You take 8 damage, and have 60/68 hp.
The howler monkey hoots and howls with incredible vigour!
The big kobold hits you but does no damage.
The leopard gecko bites you but does no damage.
Things that are here:
a +0 dagger; a +0 club The howler monkey hoots and howls with incredible vigour!
You hear a shout!
Harold looks eager to get this over with.
Harold says, "This is so exciting!
What a great way to end my career!"
You block the leopard gecko's attack.
The leopard gecko completely misses you.
You see here a book of Changes.
You pick up a book of Changes and begin reading...
You add the spells Beastly Appendage, Sticks to Snakes, Spider Form, Ice Form and Blade Hands to your library.
You block the leopard gecko's attack.
You hit the leopard gecko. The leopard gecko misses you.
You hit the leopard gecko.
You kill the leopard gecko!
The kobold shouts!
You block the howler monkey's attack. You block the big kobold's attack.
You see here a leopard gecko corpse.
You miss the big kobold.
The howler monkey hoots and howls with incredible vigour!
You puncture the big kobold! You block the big kobold's attack.
The howler monkey closely misses you.
You hit the big kobold.
Lightning courses through the big kobold!
The big kobold hits you but does no damage.
You hit the big kobold.
You kill the big kobold!
The howler monkey misses you.
You hit the howler monkey.
Lightning courses through the howler monkey!!
You kill the howler monkey!
The howler monkey hoots and howls with incredible vigour!
Things that are here:
a +0 dagger; a big kobold corpse You completely miss Harold.
Harold hits you with a +0 glaive.
You take 3 damage, and have 60/68 hp.
You hit Harold but do no damage. Lightning courses through Harold!
You hit Harold. Lightning courses through Harold!
Harold hits you with a +0 glaive!
You hit Harold. You barely miss Harold. You block Harold's attack.
You hit Harold but do no damage. Lightning courses through Harold!
You hit Harold.
You take 11 damage, and have 49/68 hp.
You hit Harold but do no damage.
A quokka comes into view.
Harold gestures at you while chanting. A sentinel's mark forms upon you.
You hit Harold. You block Harold's attack.
You hit Harold. Lightning courses through Harold! You closely miss Harold.
An ogre comes into view. It is wielding a +0 giant club.
The howler monkey hoots and howls with incredible vigour!
You hit Harold. Harold shouts, "Can you die now?
I had plans for the rest of the day!"
Harold hits you with a +0 glaive!!
You are too injured to fight recklessly!
You take 25 damage, and have 24/68 hp.
MASSIVE DAMAGE!!
As you read the scroll of teleportation, it crumbles to dust.
You feel strangely unstable.
Harold considers, "I think I'll use your bounty to get a horse ranch..."
Harold hits you but does no damage.
You see here a leopard gecko corpse.
Your surroundings suddenly seem different.
A bullfrog comes into view.
You closely miss the bullfrog. The bullfrog misses you.
You hit the bullfrog. Lightning courses through the bullfrog!
You hit the bullfrog. The bullfrog hits you.
You take 3 damage, and have 22/68 hp.
You hit the bullfrog but do no damage.
The bullfrog hits you but does no damage.
You hit the bullfrog. You block the bullfrog's attack.
You puncture the bullfrog!
You kill the bullfrog!
You feel your strength returning.
You start resting.
Joseph, a Mercenary comes into view.
He is wielding a +0 quarterstaff.
You aren't carrying any items that you can evoke.
As you read the scroll of fear, it crumbles to dust.
You assume a fearsome visage.
Joseph looks frightened!
The howler monkey hoots and howls with incredible vigour!
Harold hits you from afar with a +0 glaive!
* * * LOW HITPOINT WARNING * * *
The howler monkey hoots and howls with incredible vigour!
You take 8 damage, and have 16/68 hp.
A quokka comes into view.
You hit Harold. Harold hits you with a +0 glaive!!
You die...

......##.......##.#.#...P..#.
......########)##.#.(.Pā‰ˆā‰ˆ....
....#r# #.##.#....PP.... .#h##.#
#.##.#>.#.....## O.K@)ā€ #
#.##.#..####.#(# ##h##ā€ #
#.##.#......## ##.##.#
#.##.#.#####.#
...##.########.##.#.######
K####.#...r..rh@@.......... #.
.......K.O.h#.#.######. ..
##########......# #.. ##.#...>...
#.#..##### #.#..# #.#... #.#.###
..#.#


You could see Harold, an ogre, 2 howler monkeys, 2 quokkas and a kobold.

Vanquished Creatures
  Grinder (D:5)
  Prince Ribbit (D:5)
  Eustachio (D:5)
  Duvessa (D:5)
  An ice beast (D:8)
  A black bear (D:8)
  A phantom (D:5)
  2 ogres
  A centaur (D:5)
  2 big kobolds (D:7)
  5 bullfrogs
  A gnoll sergeant (D:6)
  Dowan (D:5)
  3 scorpions
  3 howler monkeys
  3 crimson imps
  3 hounds
  A centaur zombie (D:5)
  5 orc priests
  A jelly (D:6)
  A bullfrog skeleton (D:5)
  A gnoll shaman (D:5)
  4 iguanas
  2 orc wizards
  4 worker ants
  5 adders
  10 gnolls
  A shadow imp (D:5)
  An ooze (D:3)
  3 adder skeletons
  2 worms
  5 leopard geckos
  16 orcs
  3 giant cockroaches
  5 hobgoblins
  A jackal (D:3)
  9 kobolds
  2 quokkas (D:4)
  3 ball pythons
  3 bats
  3 frilled lizards
  3 goblins
  A jackal skeleton (D:8)
  A quokka skeleton (D:8)
  5 rats
132 creatures vanquished.

Vanquished Creatures (collateral kills)
  A sky beast (D:8)
  A jelly (D:8)
  An orc priest (D:5)
  2 adders (D:3)
  A dart slug (D:1)
  2 goblins (D:1)
  3 hobgoblins (D:1)
  5 jackals
  A quokka (D:5)
  2 rats
19 creatures vanquished.

Vanquished Creatures (others)
  A human (D:8)
  An orc (D:5)
2 creatures vanquished.

Grand Total: 153 creatures vanquished

Notes
Turn   | Place    | Note
-------+----------+-------------------------------------------
     0 | D:1      | mhoghedin the Kobold Summoner began the quest for the Orb.
     0 | D:1      | Reached XP level 1. HP: 10/10 MP: 3/3
   411 | D:1      | Reached skill level 1 in Fighting
   598 | D:1      | Reached XP level 2. HP: 13/17 MP: 3/5
   602 | D:1      | Learned a level 2 spell: Call Imp
   806 | D:1      | Reached skill level 2 in Fighting
  1828 | D:2      | Reached XP level 3. HP: 18/22 MP: 4/6
  1962 | D:3      | Found an iron altar of Okawaru.
  1962 | D:3      | Found an ornate altar of the Wu Jian Council.
  1963 | D:3      | Found a burning altar of Makhleb.
  2005 | D:3      | Reached skill level 1 in Short Blades
  2194 | D:3      | Found a white marble altar of Elyvilon.
  2228 | D:3      | Reached skill level 3 in Fighting
  2294 | D:3      | Reached skill level 2 in Short Blades
  2294 | D:3      | Reached XP level 4. HP: 23/28 MP: 7/7
  2557 | D:3      | Learned a level 3 spell: Call Canine Familiar
  2617 | D:3      | Reached skill level 3 in Short Blades
  2617 | D:3      | Reached XP level 5. HP: 32/32 MP: 8/8
  2797 | D:3      | Found a sacrificial altar of Ru.
  2920 | D:3      | Reached skill level 4 in Fighting
  3125 | D:3      | Became a worshipper of Ru the Awakened
  3197 | D:4      | Reached skill level 4 in Short Blades
  3197 | D:4      | Reached XP level 6. HP: 39/39 MP: 9/9
  3297 | D:4      | You fall through a shaft for 2 floors!
  3311 | D:5      | Entered Level 5 of the Dungeon
  3337 | D:5      | Found Naemibeneang's Food Shoppe.
  3337 | D:5      | Noticed Prince Ribbit
  3369 | D:5      | Killed Prince Ribbit
  3369 | D:5      | Reached skill level 5 in Fighting
  3369 | D:5      | Reached skill level 5 in Short Blades
  3369 | D:5      | Reached XP level 7. HP: 33/44 MP: 1/10
  3396 | D:5      | Reached skill level 6 in Short Blades
  3509 | D:5      | Noticed Dowan
  3509 | D:5      | Noticed Duvessa
  3554 | D:5      | Killed Duvessa
  3554 | D:5      | Reached skill level 6 in Fighting
  3559 | D:5      | Killed Dowan
  3627 | D:5      | Reached skill level 7 in Short Blades
  3627 | D:5      | Reached XP level 8. HP: 40/52 MP: 11/11
  3815 | D:5      | Reached skill level 7 in Fighting
  3842 | D:5      | Noticed Grinder
  3858 | D:5      | Killed Grinder
  3858 | D:5      | Reached skill level 8 in Short Blades
  3892 | D:5      | Noticed Eustachio
  4100 | D:5      | Killed Eustachio
  4157 | D:5      | Reached skill level 8 in Fighting
  4157 | D:5      | Reached skill level 9 in Short Blades
  4290 | D:5      | Reached XP level 9. HP: 59/59 MP: 12/12
  4499 | D:4      | Fell from the grace of Ru
  5168 | D:6      | Reached skill level 10 in Short Blades
  5170 | D:6      | Reached skill level 9 in Fighting
  5192 | D:6      | Found Rekikhlu's General Store.
  5289 | D:6      | Found Isaoq's General Store.
  5599 | D:6      | You fall through a shaft for 3 floors!
  5634 | D:8      | Found a shadowy altar of Dithmenos.
  5679 | D:8      | Reached skill level 11 in Short Blades
  5958 | D:8      | Found an ancient bone altar of Kikubaaqudgha.
  6043 | D:8      | Reached skill level 10 in Fighting
  6207 | D:7      | Reached XP level 10. HP: 68/68 MP: 13/13
  6222 | D:7      | Noticed Harold
  6269 | D:7      | Noticed Joseph
  6274 | D:7      | HP: 16/68 [Harold/+0 glaive (8)]
  6276 | D:7      | Mangled by Harold

Levels and vault maps discovered:
D:1:      onia_arrival_pyramid, layout_basic, serial_glass, glass_columns_c,
          glass_columns_a, item_on_display_a, feat_on_display
D:2:      layout_loops_cross
D:3:      layout_loops_ring, chequers_temple_overflow_statue_of_worship,
          nicolae_ru_path_of_blood
D:4:      cheibrodos_helix_gallery, layout_basic, first_ration
D:5:      layout_basic, serial_shops, shop, uniq_grinder, uniq_duvessa,
          uniq_eustachio, uniq_prince_ribbit1
D:6:      layout_cave_pools, temple_doors_ab, serial_gnoll_camp,
          gnoll_camp_mini_shop, gnoll_camp_huts_moat, gnoll_camp_medium_01,
          gnoll_camp_mini_shop
D:7:      cheibrodos_barr_body, layout_loops_ring, tso_oasis_becter,
          gammafunk_ghost_mausoleum, hex_medium, uniq_harold, uniq_joseph
D:8:      layout_gridville, grunt_dithmenos_smoke, tgw_kikubaaqudgha
D:9:      layout_basic, basic_altar, minmay_stone_trees_medium

Skill      XL: |  1  2  3  4  5  6  7  8  9 |
---------------+----------------------------+-----
Fighting       | 1 2 3 4 5 6 8 10 | 10.3
Short Blades   | 2 3 4 5 7 9 11 | 11.7
Dodging        | |  2.4
Stealth        | |  2.6
Spellcasting   | |  2.1
Summonings     | |  4.0

Action                   |  1- 3 |  4- 6 |  7- 9 | 10-12 || total
-------------------------+-------+-------+-------+-------++-------
Melee: Club              |    75 |       |       |       ||    75
       Unarmed           |     8 |       |       |       ||     8
       Dagger            |    50 |    77 |    28 |       ||   155
       Short sword       |       |       |   223 |    38 ||   261
Throw: Tomahawk          |     4 |       |       |       ||     4
 Cast: Summon Small Mamm |     9 |       |       |       ||     9
       Call Imp          |     9 |     2 |    13 |       ||    24
       Call Canine Famil |       |     1 |       |       ||     1
Invok: Renounce Religion |       |       |     1 |       ||     1
  Use: Scroll            |       |     3 |     9 |     2 ||    14
       Potion            |       |       |     8 |       ||     8
 Stab: Distracted        |     2 |       |     3 |       ||     5
       Sleeping          |     8 |     2 |     9 |       ||    19
       Invisible         |       |       |     4 |       ||     4
  Eat: Chunk             |     7 |     9 |     5 |       ||    21
Armor: Robe              |    18 |    14 |    34 |     5 ||    71
Dodge: Dodged            |   100 |    50 |    91 |    13 ||   254
Block: Buckler           |    28 |    10 |    35 |    14 ||    87
       Reflection        |       |       |       |     1 ||     1

Table legend:
 A = Non-vault XP
 B = Vault XP
 C = Vault XP percentage of total XP
 D = Non-vault monster count
 E = Vault monster count
 F = Vault count percentage of total count
                 A         B        C        D         E       F
            +---------+---------+-------+---------+---------+-------
      Total |    3163 |    1070 |  25.3 |     137 |      14 |   9.3
            +---------+---------+-------+---------+---------+-------
        D:1 |      20 |       0 |   0.0 |      14 |       0 |   0.0
        D:2 |      11 |       0 |   0.0 |       8 |       0 |   0.0
        D:3 |     171 |       0 |   0.0 |      29 |       0 |   0.0
        D:4 |     328 |      47 |  12.5 |      17 |       2 |  10.5
        D:5 |     936 |     854 |  47.7 |      28 |       5 |  15.2
        D:6 |     486 |     169 |  25.8 |      13 |       7 |  35.0
        D:7 |     484 |       0 |   0.0 |      14 |       0 |   0.0
        D:8 |     727 |       0 |   0.0 |      14 |       0 |   0.0
            +---------+---------+-------+---------+---------+-------

Levels and vault maps discovered:
D:1:      onia_arrival_pyramid, layout_basic, serial_glass, glass_columns_c,
          glass_columns_a, item_on_display_a, feat_on_display
D:2:      layout_loops_cross
D:3:      layout_loops_ring, chequers_temple_overflow_statue_of_worship,
          nicolae_ru_path_of_blood
D:4:      cheibrodos_helix_gallery, layout_basic, first_ration
D:5:      layout_basic, serial_shops, shop, uniq_grinder, uniq_duvessa,
          uniq_eustachio, uniq_prince_ribbit1
D:6:      layout_cave_pools, temple_doors_ab, serial_gnoll_camp,
          gnoll_camp_mini_shop, gnoll_camp_huts_moat, gnoll_camp_medium_01,
          gnoll_camp_mini_shop
D:7:      cheibrodos_barr_body, layout_loops_ring, tso_oasis_becter,
          gammafunk_ghost_mausoleum, hex_medium, uniq_harold, uniq_joseph
D:8:      layout_gridville, grunt_dithmenos_smoke, tgw_kikubaaqudgha
D:9:      layout_basic, basic_altar, minmay_stone_trees_medium

Table legend:
 A = Turns spent in this place as a percentage of turns spent in the entire game.
 B = Non-inter-level travel turns spent in this place as a percentage of non-inter-level travel turns spent in the entire game.
 C = Inter-level travel turns spent in this place as a percentage of turns spent in this place.
 D = Turns resting spent in this place as a percentage of non-inter-level travel turns spent in this place.
 E = Turns spent auto-exploring this place as a percentage of non-inter-level travel turns spent in this place.
 F = Non-inter-level travel turns spent in this place divided by the number of levels of this place that you've seen.
                   A       B       C       D       E      F
               +-------+-------+-------+-------+-------+----------------------
         Total | 100.0 | 100.0 |   4.2 |  23.3 |  52.6 | 668.0
       Dungeon | 100.0 | 100.0 |   4.2 |  23.3 |  52.6 | 668.0
               +-------+-------+-------+-------+-------+----------------------

Table legend:
 A = Kills in this place as a percentage of kills in entire the game.
 B = Kills by you in this place as a percentage of kills by you in the entire game.
 C = Kills by friends in this place as a percentage of kills by friends in the entire game.
 D = Other kills in this place as a percentage of other kills in the entire game.
 E = Experience gained in this place as a percentage of experience gained in the entire game.
 F = Experience gained in this place divided by the number of levels of this place that you have seen.
                   A       B       C       D       E      F
               +-------+-------+-------+-------+-------+----------------------
         Total | 100.0 | 100.0 | 100.0 |   N/A | 100.0 | 470.3
       Dungeon | 100.0 | 100.0 | 100.0 |   N/A | 100.0 | 470.3
               +-------+-------+-------+-------+-------+----------------------
